Unix NetHack Version 5.0.0-0 post-release - last build May 23 2026 06:08:33 (1c0ff79ee797540d5714e4e18072db0edd9e58ae,branch:main).

Game began 2026-05-26 21:25:12, ended 2026-05-26 21:36:32.

CyberFan, lawful female dwarven Archeologist

                                -----
                                |...--
                                |....--
                                |.....|
                                |@..---
   ---       ---   ---- ----------.--
   |.............................)<--
      ---...........................0
        |.......    -   ----- ---..--
        |                       ----

CyberFan the Field Worker  St:15 Dx:8 Co:11 In:12 Wi:16 Ch:14  Lawful
Dlvl:7  $:51 HP:0(34) Pw:12(12) AC:9  Xp:4/90 T:2388 

Latest messages:
 The little dog misses the dwarf.
 The little dog misses the dwarf.
 The little dog misses the dwarf.
 The little dog misses the dwarf.
 The little dog bites it.
 The little dog misses it.
 You hear some noises in the distance.
 Pick a monster, object or location.
 The little dog misses the dwarf.
 The little dog misses the dwarf.
 The dwarf throws a dart!
 You are hit by a dart.
 The little dog bites the dwarf.
 The little dog bites the dwarf.
 The dwarf wields a dagger!
 You descend the stairs.
 You climb up the stairs.
 The dwarf swings his pick-axe.
 The dwarf hits!
 You descend the stairs.
 The hill orc throws a crude dagger!
 The crude dagger hits the gnome lord.
 You stop waiting.
 The hill orc picks up a crude dagger.
 You hear a chugging sound.
 You lash the hill orc.
 The hill orc wields a crude dagger!
 You lash the hill orc.
 You lash the hill orc.
 The hill orc thrusts her crude dagger.
 The hill orc hits!
 You miss the hill orc.
 The hill orc thrusts her crude dagger.
 The hill orc hits!
 You kill the hill orc!
 Welcome to experience level 4.
 N - a yellow gem.
 It hits!
 It picks up a worthless piece of black glass.
 What do you want to drink? [q-suzBDEM or ?*]
 You feel better.
 It hits!
 What do you want to drink? [q-suzBDEM or ?*]
 You feel better.
 It hits!
 You lash it.
 It hits!
 You lash it.
 It hits!
 You die...

Inventory:
 Coins    ('$')
  $ - 51 gold pieces
 Weapons  (')')
  a - an uncursed +2 bullwhip (weapon in right hand)
 Armor    ('[')
  c - an uncursed +0 fedora (being worn)
  b - an uncursed +0 leather jacket (being worn)
 Comestibles  ('%')
  d - 6 uncursed food rations
 Scrolls  ('?')
  j - an uncursed scroll of confuse monster
 Potions  ('!')
  M - an uncursed potion of fruit juice
  s - a blessed potion of full healing
  E - an uncursed potion of gain energy
  B - a cursed potion of gain energy
  z - a cursed potion of object detection
  r - an uncursed potion of paralysis
  D - a blessed potion of restore ability
  u - 2 uncursed potions of water
 Rings    ('=')
  k - an uncursed ring of fire resistance
  o - an uncursed ring of free action
 Wands    ('/')
  C - an uncursed wand of digging (0:8)
  J - an uncursed wand of opening (0:4)
  y - an uncursed wand of striking (0:8)
 Tools    ('(')
  h - an empty uncursed greased sack
  G - an uncursed can of grease (0:21)
  i - an uncursed oil lamp (lit)
  e - an uncursed corroded +0 pick-axe
  w - an uncursed skeleton key
  f - an uncursed tinning kit (0:58)
 Gems/Stones  ('*')
  N - an uncursed worthless piece of yellow glass
  g - an uncursed touchstone

CyberFan the Archeologist's attributes:

Background:
 You were a Field Worker, a level 4 female dwarven Archeologist.
 You were lawful, on a mission for Quetzalcoatl
 who was opposed by Camaxtli (neutral) and Huhetotl (chaotic).
 You were right-handed.
 You were in the Gnomish Mines, on level 7.
 You entered the dungeon 2388 turns ago.
 You had 90 experience points, 70 more were needed to attain level 5.

Basics:
 You had 0 out of 34 hit points.
 You had all 12 energy points (spell power).
 Your armor class was 9.
 Your wallet contained 51 zorkmids.
 Autopickup was on for '$%?!"=/*', with exceptions.

Final Characteristics:
 Your strength was 15 (limit:18/100).
 Your dexterity was 8 (limit:20).
 Your constitution was 11 (limit:20).
 Your intelligence was 12 (limit:16).
 Your wisdom was 16 (limit:16).
 Your charisma was 14 (limit:16).

Final Status:
 You weren't hungry.
 You were unencumbered.
 You were wielding a whip.
 You had basic skill with whip.

Final Attributes:
 You were piously aligned.
 You had automatic searching.
 You had infravision.
 You were lucky.
 You are dead.

Miscellaneous:
 You disabled loading and storing of bones levels.
 Total elapsed playing time was 11 minutes and 19 seconds.

Major events:
 Turn
    1: CyberFan the lawful female dwarven Archeologist entered the dungeon
  661: attained the rank of Field Worker (level 3)
 1679: entered the Gnomish Mines
 2388: killed by an invisible hill orc

You didn't know any spells.

Skills:
 Fighting Skills
   bare handed combat [Unskilled]
   two weapon combat  [Unskilled]
   riding             [Unskilled]
 Weapon Skills
   dagger             [Unskilled]
   knife              [Unskilled]
   pick-axe           [Basic]
   short sword        [Unskilled]
   saber              [Unskilled]
   club               [Unskilled]
   quarterstaff       [Unskilled]
   sling              [Unskilled]
   dart               [Unskilled]
   boomerang          [Unskilled]
   whip               [Basic]
   unicorn horn       [Unskilled]
 Spellcasting Skills
   attack spells      [Unskilled]
   healing spells     [Unskilled]
   divination spells  [Unskilled]
   matter spells      [Unskilled]

Voluntary challenges:
 Character rerolling was not enabled.
 You never genocided any monsters.
 You never polymorphed an object.
 You never changed form.
 You used no wishes.
Achievements:
 You entered a shop.
 You attained the rank of Field Worker.
 You entered the Gnomish Mines.

 The Dungeons of Doom: levels 1 to 5
    Level 1:
       A fountain.
    Level 2:
       A general store, a fountain, a sink.
    Level 3:
       A general store, a grave.
    Level 4:
       A sink.
       Stairs down to The Gnomish Mines.
    Level 5:
 The Gnomish Mines: levels 5 to 7
    Level 5:
    Level 6:
    Level 7: <- You were here.
       Final resting place for
          you, killed by an invisible hill orc.


Vanquished creatures:
  a gnome leader
  a straw golem
  a hill orc
  a giant bat
  a dwarf zombie
 an iguana
  2 coyotes
  a gas spore
  a brown mold
  2 yellow molds
  2 green molds
  4 gnomes
  a gecko
  2 jackals
  a fox
  2 kobolds
  a goblin
  a sewer rat
  4 grid bugs
  a lichen
  2 kobold zombies
  8 newts
41 creatures vanquished.

No species were genocided or became extinct.

Game over:
                       ----------
                      /          \
                     /    REST    \
                    /      IN      \
                   /     PEACE      \
                  /                  \
                  |     CyberFan     |
                  |      51 Au       |
                  |   killed by an   |
                  |  invisible hill  |
                  |       orc        |
                  |                  |
                  |       2026       |
                 *|     *  *  *      | *
        _________)/\\_//(\/(/\)/\//\/|_)_______

Goodbye CyberFan the Archeologist...

You died in The Gnomish Mines on dungeon level 7 with 716 points,
and 51 pieces of gold, after 2388 moves.
You were level 4 with a maximum of 34 hit points when you died.

